 Dungeon Crawl Stone Soup version 0.30.1-11-g7821555f0a (webtiles) character file.

Game seed: 4854050715846071775

9377 PurpleCat the Severer (level 11, 0/83 HPs)
             Began as a Minotaur Fighter on Nov 8, 2023.
             Was a Priest of Okawaru.
             Succumbed to a black mamba's poison
             ... on level 1 of the Lair of Beasts.
             The game lasted 00:50:37 (9947 turns).

PurpleCat the Severer (Minotaur Fighter)            Turns: 9947, Time: 00:50:38

Health: 0/83       AC: 21    Str: 25    XL:     11   Next: 22%
Magic:  8/14       EV:  9    Int: 11    God:    Okawaru [***...]
Gold:   694        SH: 11    Dex: 10    Spells: 10/10 levels left

rFire   . . .        a - +0 war axe
rCold   . . .        c - +0 buckler
rNeg    + . .        M - +0 plate armour
rPois   .            (helmet restricted)
rElec   .            (no cloak)
rCorr   .            A - +2 pair of gloves
SInv    .            P - +0 pair of boots
Will    .....        w - amulet of reflection Stlth
                     j - ring of positive energy
HPRegen 0.33/turn    y - +6 ring of intelligence
MPRegen 0.14/turn

%: reflection
@: lethally poisoned (0 -> -1), heroic, finesse-ful
A: horns 2, retaliatory headbutt
a: Renounce Religion, Heroism


You were on level 1 of the Lair of Beasts.
You worshipped Okawaru.
Okawaru was most pleased with you.
You visited 3 branches of the dungeon, and saw 11 of its levels.
You also visited: Sewer and Ossuary.

You collected 694 gold pieces.

Inventory:

Hand Weapons
 a - a +0 war axe (weapon)
 b - a +0 sling
Missiles
 k - 120 stones
Armour
 c - a +0 buckler (worn)
 f - a +0 tower shield
 A - a +2 pair of gloves (worn)
 M - a +0 plate armour (worn)
 P - a +0 pair of boots (worn)
Jewellery
 j - a ring of positive energy (left hand)
 w - an amulet of reflection (around neck)
 y - a +6 ring of intelligence (right hand)
 Q - a ring of positive energy
Wands
 C - a wand of paralysis (11)
 D - a wand of light (14)
 N - a wand of flame (19)
Scrolls
 e - 4 scrolls of fear {unknown}
 i - 11 scrolls of identify {unknown}
 m - a scroll of silence {unknown}
 o - 4 scrolls of magic mapping {unknown}
 p - 4 scrolls of vulnerability {unknown}
 q - a scroll of butterflies {unknown}
 t - 3 scrolls of amnesia {unknown}
 x - 5 scrolls of teleportation {unknown}
 B - a scroll of noise {unknown}
 H - 3 scrolls of poison {unknown}
 J - 4 scrolls of enchant weapon {unknown}
 K - 4 scrolls of enchant armour {unknown}
 L - a scroll of immolation {unknown}
 O - a scroll of blinking {unknown}
 R - a scroll of fog {unknown}
Potions
 d - 4 potions of might
 g - 4 potions of heal wounds {unknown}
 h - 4 potions of attraction {unknown}
 l - 4 potions of mutation {unknown}
 n - a potion of lignification {unknown}
 r - 5 potions of curing {unknown}
 s - 2 potions of invisibility {unknown}
 u - 2 potions of ambrosia {unknown}
 v - 2 potions of degeneration {unknown}
 z - 2 potions of berserk rage {unknown}
 E - 2 potions of brilliance {unknown}
 F - 4 potions of resistance {unknown}
 G - 3 potions of haste {unknown}
 I - 2 potions of magic {unknown}


   Skills:
 - Level 3.8(8.8) Fighting
 * Level 17.5(22.5) Axes
 + Level 9.0(14.0) Armour
 - Level 3.8(8.8) Shields
 + Level 6.0 Invocations


You had 10 spell levels left.
You didn't know any spells.
Your spell library contained the following spells:

 Spells                   Type           Power      Damage    Failure   Level
 Kiss of Death            Conj/Necr      0%         2d5       97%         1
 Necrotise                Necr           0%         1d4       97%         1
 Sting                    Tmut/Pois      0%         1d3       97%         1
 Blink                    Tloc           0%         N/A       99%         2
 Lesser Beckoning         Tloc           0%         N/A       99%         2
 Momentum Strike          Conj/Tloc      0%         3d8       99%         2
 Poisonous Vapours        Pois/Air       0%         N/A       99%         2
 Confusing Touch          Hex            0%         N/A       100%        3
 Vampiric Draining        Necr           0%         2d6       100%        3
 Dispel Undead            Necr           0%         3d6       100%        4
 Olgreb's Toxic Radiance  Pois           0%         N/A       100%        4
 Agony                    Necr           0%         N/A       100%        5


Dungeon Overview and Level Annotations

Branches:
Dungeon (9/15)             Temple (1/1) D:5            Lair (1/5) D:8
  Sewer (visited)         Ossuary (visited)
    Orc: D:9-12

Altars:
Ashenzari
Cheibriados
Elyvilon
Fedhas
Gozag
Hepliaklqana
Kikubaaqudgha
Makhleb
Nemelex Xobeh
Okawaru
Qazlal
Ru
Trog
Uskayaw
Vehumet
Yredelemnul
Zin
The Shining One

Annotations:
D:8 2 transporters, monsoonserge's ghost, novice TrFi


Innate Abilities, Weirdness & Mutations

You have a pair of horns on your head.
You reflexively headbutt those who attack you in melee.


Message History

You block the yak's attack.
You hit the yak but do no damage.
The yak is moderately wounded.
You feel sick. You block the yak's attack.
You hit the yak but do no damage.
The yak is moderately wounded.
You feel sick.
You slash the yak! You headbutt the yak!
The yak is almost dead.
You hit the yak. You headbutt the yak.
You kill the yak!
Okawaru accepts your kill.
You feel sick.
You hit the bullfrog.
The bullfrog is lightly wounded.
You barely miss the bullfrog. You headbutt the bullfrog!
The bullfrog is severely wounded.
You feel sick. The bullfrog closely misses you.
You slash the bullfrog!
You kill the bullfrog!
Okawaru accepts your kill.
You feel sick.
Your Invocations skill increases to level 6!
You feel sick.
A cane toad comes into view.
You block the yak's attack.
The cane toad croaks.
You slice the yak!!
The yak is heavily wounded.
You slash the yak!
The yak is almost dead.
The yak gores you!
* * * LOW HITPOINT WARNING * * *
The yak attacks as you move away! You block the yak's attack.
You feel sick.
You feel sick. The yak attacks as you move away! The yak gores you!
* * * LOW HITPOINT WARNING * * *
x2 You feel sick.
The yak attacks as you move away! The yak gores you but does no damage.
You die...

#~~#### #....# #.. ~~~~~~##
#....# #.. ~P..P~~###
##....######## ##..
......~~~#####............# #...
...#..P.~~~#..#..........## ##..
....##.............####P.# #..
<..#####......#....#####.######..
~..# ###....รท..........##..#...
~~## ##...##@................ ###
######..######.###.##..
#Y..##.###. ####.. #......?. .#
#.. #Y####### .# #.. #F# .# #..
#.# .. #.. #.. ## ##. ... #


You could see 2 yaks and a cane toad.

Vanquished Creatures
  A centaur warrior (D:8)
  A cyclops (D:8)
  A black mamba (Lair:1)
  A cane toad (Lair:1)
  The ghost of Rizzler the Sneak, a novice DsEE (D:4)
  Grinder (D:4)
  A hornet (D:9)
  Sigmund (D:4)
  A shadow (D:9)
  4 slime creatures (D:9)
  2 wyverns
  9 yaks
  3 steam dragons
  3 water moccasins
  An orc warrior (D:8)
  3 ice beasts
  A sky beast (D:6)
  3 black bears
  A phantom (D:5)
  6 bullfrogs
  A gnoll sergeant (D:8)
  2 scorpions
  A water moccasin zombie (Ossuary)
  9 wights
  13 killer bees
  A water moccasin skeleton (D:4)
  A howler monkey (D:8)
  An electric eel (Lair:1)
  5 centaur zombies
  7 hounds
  A bullfrog zombie (Ossuary)
  7 jellies
  3 orc priests
  A gnoll bouda (D:9)
  3 scorpion zombies (Ossuary)
  A sleepcap (D:8)
  4 orc wizards
  2 ogre zombies (Ossuary)
  12 adders
  2 river rats (Sewer)
  15 gnolls
  2 shadow imps (D:7)
  A white imp (D:5)
  5 ufetubi (D:5)
  3 adder zombies (Ossuary)
  2 worms
  A dart slug (D:1)
  24 orcs
  8 ball pythons
  3 bats
  18 endoplasms
  3 giant cockroaches
  3 gnoll zombies (Ossuary)
  2 goblins
  6 hobgoblins
  2 quokkas
  16 frilled lizards
  4 goblin zombies
  5 hobgoblin zombies (Ossuary)
  4 kobolds
  3 orc zombies (Ossuary)
  A quokka zombie (D:4)
  8 rats
261 creatures vanquished.

Notes
Turn   | Place    | Note
-------+----------+-------------------------------------------
     0 | D:1      | PurpleCat the Minotaur Fighter began the quest for the Orb.
     0 | D:1      | Reached XP level 1. HP: 19/19 MP: 0/0
    89 | D:1      | Reached XP level 2. HP: 25/27 MP: 1/1
   213 | D:1      | Reached skill level 3 in Axes
   800 | D:1      | Reached XP level 3. HP: 33/33 MP: 2/2
   922 | D:2      | Reached skill level 4 in Axes
  1190 | D:2      | Reached XP level 4. HP: 40/40 MP: 3/3
  1233 | D:2      | Reached skill level 5 in Axes
  1557 | D:2      | Found a faded altar of an unknown god.
  2179 | D:3      | Reached XP level 5. HP: 46/46 MP: 4/4
  2222 | D:3      | Reached skill level 6 in Axes
  2447 | D:3      | Found an opulent altar of Gozag.
  2736 | D:4      | Found a runed translucent gate.
  2737 | D:4      | Found a runed translucent gate.
  2738 | D:4      | Found a runed translucent gate.
  2740 | D:4      | Noticed Rizzler's ghost (novice DsEE)
  2922 | D:4      | Reached skill level 7 in Axes
  2947 | D:4      | Reached XP level 6. HP: 35/52 MP: 5/5
  3037 | D:4      | Found a snail-covered altar of Cheibriados.
  3302 | D:4      | Noticed Grinder
  3305 | D:4      | Paralysed by Grinder for 4 turns
  3318 | D:4      | Paralysed by Grinder for 2 turns
  3322 | D:4      | Paralysed by Grinder for 2 turns
  3330 | D:4      | Killed Grinder
  3331 | D:4      | Reached skill level 8 in Axes
  3393 | D:4      | Found a sand-covered staircase.
  3403 | Ossuary  | Entered an ossuary
  3455 | Ossuary  | Reached XP level 7. HP: 58/58 MP: 6/6
  3467 | Ossuary  | Reached skill level 9 in Axes
  3603 | Ossuary  | Reached skill level 10 in Axes
  3665 | Ossuary  | Noticed a silent spectre
  3795 | D:4      | Noticed Sigmund
  3804 | D:4      | Killed Sigmund
  3805 | D:4      | Reached skill level 11 in Axes
  3805 | D:4      | Reached XP level 8. HP: 56/66 MP: 7/7
  4071 | D:5      | Entered Level 5 of the Dungeon
  4073 | D:5      | Found a glowing drain.
  4090 | Sewer    | Entered a sewer
  4300 | Sewer    | Found a viscous altar of Jiyva.
  4480 | D:5      | Reached skill level 12 in Axes
  4899 | D:5      | Reached skill level 13 in Axes
  5043 | D:5      | Found a glowing silver altar of Zin.
  5402 | D:5      | Reached XP level 9. HP: 66/71 MP: 8/8
  5516 | D:5      | Found a staircase to the Ecumenical Temple.
  5525 | Temple   | Entered the Ecumenical Temple
  5650 | Temple   | Became a worshipper of Warmaster Okawaru
  5910 | D:6      | Reached skill level 14 in Axes
  5962 | D:6      | Identified the +5 long sword of Symmetry {elec, Str+2}
  6089 | D:6      | Identified the +0 robe "Qas Jaoph" {Int-5 Dex+2 Stlth+}
  6681 | D:7      | Reached skill level 5 in Armour
  6698 | D:7      | Reached * piety under Okawaru
  6942 | D:7      | Reached skill level 1 in Invocations
  7311 | D:4      | Reached skill level 15 in Axes
  7315 | D:4      | Killed Rizzler's ghost
  7457 | D:8      | Found a staircase to the Lair.
  7504 | D:8      | Reached XP level 10. HP: 61/78 MP: 11/11
  7603 | D:8      | Reached ** piety under Okawaru
  7628 | D:8      | Noticed a centaur warrior
  7635 | D:8      | Killed a centaur warrior
  7636 | D:8      | Reached skill level 16 in Axes
  7646 | D:8      | Noticed a cyclops
  7796 | D:8      | Killed a cyclops
  7796 | D:8      | Reached *** piety under Okawaru
  8064 | D:8      | Found a basalt altar of Yredelemnul.
  8126 | D:8      | Found a transporter.
  8128 | D:8      | Noticed monsoonserge's ghost (novice TrFi)
  8129 | D:8      | Noticed a death knight
  8130 | D:8      | Found a transporter.
  8440 | D:8      | Reached skill level 5 in Invocations
  8611 | D:9      | Reached **** piety under Okawaru
  8625 | D:9      | Reached skill level 17 in Axes
  8931 | D:9      | Reached XP level 11. HP: 76/83 MP: 14/14
  9526 | Lair:1   | Entered Level 1 of the Lair of Beasts
  9562 | Lair:1   | HP: 4/83 [poisoned by a cane toad]
  9946 | Lair:1   | HP: 1/83 [yak (8)]
  9947 | Lair:1   | Succumbed to a black mamba's poison

Illustrated notes

Levels and vault maps discovered:
D:1:      nzn_arrival_crosshair, layout_basic, minmay_lizard_pond
D:2:      layout_rooms, shapermc_ecumenical_altar_petra,
          chequers_serial_rivers_micro_a, nicolae_grassy_gnolls
D:3:      layout_loops_ring, nicolae_gozag_seed_capital,
          minmay_misc_feat_square, hangedman_decor_points
D:4:      layout_loops_corners, mainiacjoe_overflow_six_doors_small,
          enter_ossuary_4, gammafunk_ghost_necromancy, uniq_sigmund,
          uniq_grinder
D:5:      minmay_diamond_boxcup, layout_gridville, old_standard_altar,
          minmay_temple_entry_gardened_gates, cheibrodos_sewer_entry_drain
D:6:      layout_loops_corners, serial_glass, glass_columns_c, glass_columns_b,
          due_unseen_surprise, nrook_loot_triangle
D:7:      layout_rooms
D:8:      minmay_distorted_concentric_squares, layout_rooms,
          mainiacjoe_overflow_alcove_4, dpeg_oklobed_lair,
          gammafunk_ghost_arena, kennysheep_generic_room_16
D:9:      layout_cave_pools
Temple:   jpeg_temple_clearing
Lair:1:   gammafunk_indiana_jones, layout_gridlike,
          nicolae_volcano_entry_hallway, cheibrodos_lair_caveside_slide,
          chequers_serial_rivers_micro_c, lemuel_fruit_fields, uniq_amaemon

Skill      XL: |  1  2  3  4  5  6  7  8  9 10 11 |
---------------+----------------------------------+-----
Axes           | 3 4 5 7 8 11 13 15 17 | 17.5
Armour         | 6 8 9 |  9.0
Invocations    | 3 5 6 |  6.0
Fighting       | |  3.8
Shields        | |  3.8

Action                     |  1- 3 |  4- 6 |  7- 9 | 10-12 || total
---------------------------+-------+-------+-------+-------++-------
  Melee: War axe           |    84 |   115 |   368 |   240 ||   807
         Headbutt          |     8 |    19 |    67 |    48 ||   142
 Invoke: Heroism           |       |       |     1 |     4 ||     5
         Finesse           |       |       |       |     1 ||     1
  Evoke: Wand              |       |       |       |     1 ||     1
 Armour: Scale mail        |    10 |       |       |       ||    10
         Chain mail        |    15 |    38 |    85 |       ||   138
         Ring mail         |     2 |       |       |       ||     2
         Plate armour      |       |       |    80 |   112 ||   192
  Dodge: Dodged            |    39 |    40 |    81 |    48 ||   208
  Block: Buckler           |    10 |    27 |   153 |    88 ||   278
         Tower shield      |     7 |       |       |       ||     7
         Reflection        |       |     3 |       |       ||     3
